 Dungeon Crawl Stone Soup version 0.27-a0-1525-g1038ab4fd7 (webtiles) character file.

Game seed: 229007194302000352

273 bande the Shield-Bearer (level 6, -4/38 HPs)
             Began as a Gargoyle Fighter on July 10, 2021.
             Splashed by Ijyb's acid (11 damage)
             ... on level 4 of the Dungeon.
             The game lasted 00:06:48 (3015 turns).

bande the Shield-Bearer (Gargoyle Fighter)          Turns: 3015, Time: 00:06:49

Health: -4/38      AC: 11    Str: 20      XL:     6   Next: 23%
Magic:  6/6        EV:  5    Int:  7 (9)  God:
Gold:   206        SH:  9    Dex:  9 (10) Spells: 5/5 levels left

rFire    . . .     SeeInvis .   a - +0 war axe
rCold    . . .     Faith    +   c - +0 kite shield
rNeg     + . .     Spirit   .   j - +0 chain mail
rPois    ∞         Reflect  .   (no helmet)
rElec    +         Harm     .   (no cloak)
rCorr    .         Rampage  .   m - +0 pair of gloves
Will     .....                  (no boots)
Stlth    ..........             k - amulet of faith
HPRegen  0.12/turn              (no ring)
MPRegen  0.10/turn              (no ring)

@: corroded
A: sickness immunity, AC +4, negative energy resistance 1, electricity
resistance, torment resistance 1, petrification resistance
a: no special abilities


You were on level 4 of the Dungeon.
You visited 1 branch of the dungeon, and saw 4 of its levels.

You collected 206 gold pieces.

Inventory:

Hand Weapons
 a - a +0 war axe (weapon)
Armour
 c - a +0 kite shield (worn)
 j - a +0 chain mail (worn)
 m - a +0 pair of gloves (worn)
Jewellery
 e - a ring of willpower
 k - an amulet of faith (around neck)
Scrolls
 b - a scroll of magic mapping {unknown}
 g - 2 scrolls of fear {unknown}
 h - a scroll of vulnerability {unknown}
 i - a scroll of summoning {unknown}
Potions
 d - a potion of might
 f - a potion of haste {unknown}
 l - a potion of curing {unknown}


   Skills:
 + Level 4.1 Fighting
 + Level 3.5 Axes
 + Level 4.2 Armour
 + Level 1.0 Dodging
 + Level 4.8 Shields


You had 5 spell levels left.
You didn't know any spells.
Your spell library contained the following spells:

 Spells                   Type           Power      Damage    Failure   Level
 Conjure Flame            Conj/Fire      0%         6-21      100%        3
 Ignite Poison            Fire/Tmut/Pois 0%         N/A       100%        3
 Sticky Flame             Conj/Fire      0%         2d3       100%        4


Dungeon Overview and Level Annotations

Branches:
Dungeon (4/15)
 Temple: D:4-7

Altars:

Annotations:
D:4 Ijyb


Innate Abilities, Weirdness & Mutations

You are immune to sickness and miasma.
Your stone body is resilient. (AC +4)
You are immune to poison.
You resist negative energy. (rN+)
You are resistant to electric shocks. (rElec)
You are resistant to unholy torment.
You are immune to petrification.


Message History

You block the hound skeleton's attack. x2
You hit the hound skeleton.
The hound skeleton is moderately damaged.
The hound skeleton bites you but does no damage. x2
Your chain mail prevents you from hitting the hound skeleton.
The hound skeleton is moderately damaged.
The hound skeleton closely misses you.
You completely miss the hound skeleton.
The hound skeleton is moderately damaged.
You hit the dart slug. You block the hound skeleton's attack.
The hound skeleton bites you but does no damage.
The dart slug bites you but does no damage.
You block the hound skeleton's attack.
You slash the hound skeleton!
The hound skeleton is severely damaged.
You hit the dart slug.
The hound skeleton bites you but does no damage.
The dart slug launches a dart at you.
The slug dart hits you but does no damage.
The hound skeleton bites you.
You slash the dart slug!
You kill the dart slug!
You slash the hound skeleton!
You destroy the hound skeleton!
Unknown command.
Unknown command.
Ijyb the Twisted Goblin comes into view.
She is wielding a +0 dagger and carrying a wand of acid (12).
Ijyb screams, "Me very upset!"
Ijyb zaps a wand.
The bolt of acid hits you but does no damage.
The acid corrodes you!
You are splashed with acid.
You see here 10 gold pieces.
You closely miss Ijyb. You block Ijyb's attack.
You hit Ijyb.
Ijyb is lightly wounded.
Ijyb hits you but does no damage.
Ijyb zaps a wand.
The bolt of acid hits you!!
Ouch! That really hurt!
* * * LOW HITPOINT WARNING * * *
You are splashed with acid!
You die...

# .##.
....########
.......#...##
.......#....#
#..@....##
##.g.....# # .
##.......#.#
...#...........
..8.............
.....#..........
....##..........
.... #.#........
... ...####.....


You could see Ijyb.

Vanquished Creatures
  An orc priest (D:3)
  3 orc wizards (D:3)
  A hound skeleton (D:4)
  A gnoll (D:1)
  7 adders
  3 worms
  2 dart slugs
  4 orcs (D:3)
  3 endoplasms
  2 giant cockroaches (D:2)
  5 goblins
  12 hobgoblins
  4 kobolds
  2 quokkas (D:3)
  6 ball pythons
  11 bats
  4 frilled lizards
  5 rats
76 creatures vanquished.

Vanquished Creatures (others)
  2 fungi (D:2)
  10 plants
12 creatures vanquished.

Grand Total: 88 creatures vanquished

Notes
Turn   | Place    | Note
-------+----------+-------------------------------------------
     0 | D:1      | bande the Gargoyle Fighter began the quest for the Orb.
     0 | D:1      | Reached XP level 1. HP: 14/14 MP: 1/1
   215 | D:1      | You fall into a shaft and drop 1 floor!
   263 | D:2      | Reached XP level 2. HP: 16/19 MP: 2/2
   388 | D:2      | Reached XP level 3. HP: 15/24 MP: 3/3
   952 | D:2      | Reached XP level 4. HP: 26/29 MP: 4/4
  1154 | D:2      | Found a faded altar of an unknown god.
  1841 | D:3      | Reached XP level 5. HP: 23/33 MP: 5/5
  2646 | D:3      | Reached XP level 6. HP: 38/38 MP: 6/6
  2686 | D:3      | Reached skill level 1 in Dodging
  3007 | D:4      | Noticed Ijyb
  3015 | D:4      | Splashed by Ijyb's acid

Illustrated notes

Levels and vault maps discovered:
D:1:      lightli_arrival_flooded_house, layout_rooms, minmay_misc_feat_square
D:2:      layout_rooms, shapermc_ecumenical_altar_hornbeckon,
          minmay_increasing_density
D:3:      layout_rooms, corexii_hall_statues_i
D:4:      layout_cave_pools, serial_column_ruins, column_ruins_square_medium,
          column_ruins_circle_medium, column_ruins_open_tiny_water,
          column_ruins_open_small, column_ruins_open_tiny, column_ruins_grid_4,
          column_ruins_columns_straight, column_ruins_open_tiny,
          column_ruins_open_tiny_water, uniq_blork_the_orc, uniq_ijyb

Skill      XL: |  1  2  3  4  5  6 |
---------------+-------------------+-----
Axes           | 2 3 |  3.5
Shields        | 4 |  4.8
Armour         | 4 |  4.2
Fighting       | 4 |  4.1
Dodging        | 1 |  1.0

Action                   |  1- 3 |  4- 6 || total
-------------------------+-------+-------++-------
Melee: War axe           |    95 |   200 ||   295
  Use: Potion            |       |     3 ||     3
Armor: Scale mail        |    44 |       ||    44
       Chain mail        |    11 |   156 ||   167
Dodge: Dodged            |    29 |    52 ||    81
Block: Kite shield       |    64 |   124 ||   188

Table legend: (Time is in decaauts)
 A = Elapsed time spent in this place.
 B = Non-inter-level travel time spent in this place.
 C = Inter-level travel time spent in this place.
 D = Time resting spent in this place.
 E = Time spent auto-exploring this place.
 F = Levels seen in this place.
 G = Mean time per level.
                   A        B        C        D        E       F      G
               +--------+--------+--------+--------+--------+-----+--------+
         Total |   3190 |   3190 |      0 |    994 |   1385 |   4 |  797.5 |
       Dungeon |   3190 |   3190 |      0 |    994 |   1385 |   4 |  797.5 |
               +--------+--------+--------+--------+--------+-----+--------+

Top non-repeatable levels by time:
     D:3: 1252 daAuts
     D:2: 1200 daAuts
     D:1: 712 daAuts
     D:4: 25 daAuts
